 Dungeon Crawl Stone Soup version 0.24-a0-809-g71cb82dfb8 (webtiles) character file.

Game seed: 5814439496685158263, levelgen mode: deterministic

277 FollowTheCloud the Skirmisher (level 6, -2/53 HPs)
             Began as a Gnoll Wanderer on Oct 11, 2019.
             Was an Initiate of Makhleb.
             Slain by a gnoll
             ... wielding a +0 whip
              (7 damage)
             ... on level 5 of the Dungeon.
             The game lasted 00:05:46 (3441 turns).

FollowTheCloud the Skirmisher (Gnoll Wanderer)      Turns: 3441, Time: 00:05:47

Health: -2/53      AC:  3    Str: 19    XL:     6   Next: 25%
Magic:  8/8        EV: 11    Int: 15    God:    Makhleb [......]
Gold:   144        SH:  4    Dex: 11    Spells: 8/8 levels left

rFire    . . .     SeeInvis .   a - +2 dagger
rCold    . . .     Gourm    .   e - +0 buckler
rNeg     . . .     Faith    .   j - +0 leather armour
rPois    .         Spirit   .   (no helmet)
rElec    .         Reflect  .   (no cloak)
rCorr    +         Harm     +   (no gloves)
MR       .....                  (no boots)
Stlth    ++........             p - amulet of harm
HPRegen  0.17/turn              u - ring of resist corrosion
MPRegen  0.11/turn              (no ring)

@: no status effects
A: distributed training, fangs 1, strong nose
a: Renounce Religion


You were on level 5 of the Dungeon.
You worshipped Makhleb.
Makhleb was noncommittal.
You were near starving.

You visited 2 branches of the dungeon, and saw 6 of its levels.

You collected 144 gold pieces.

Inventory:

Hand Weapons
 a - a +2 dagger (weapon)
 c - a +0 hand crossbow
 z - a +0 hand axe
Missiles
 b - 5 curare-tipped darts (quivered)
 d - 26 bolts
 s - 11 javelins
Armour
 e - a +0 buckler (worn)
 f - a +0 robe
 j - a +0 leather armour (worn)
Magical Staves
 B - an uncursed staff of earth {unknown}
Jewellery
 p - an amulet of harm (around neck)
 u - a ring of resist corrosion (left hand)
 w - a cursed ring of teleportation {unknown}
 y - a cursed -3 ring of intelligence {unknown}
Wands
 C - a wand of disintegration (6)
Scrolls
 h - a scroll of random uselessness {unknown}
 i - 5 scrolls of identify {unknown}
 k - 3 scrolls of enchant weapon {unknown}
 l - a scroll of fear {unknown}
 m - a scroll of fog {unknown}
 n - 2 scrolls of remove curse {unknown}
 r - a scroll of noise {unknown}
 t - 2 scrolls of enchant armour {unknown}
 v - a scroll of immolation {unknown}
 A - a scroll of teleportation {unknown}
Potions
 o - a potion of cancellation {unknown}
 q - 3 potions of curing {unknown}
 x - 3 potions of flight {unknown}
 D - a potion of haste {unknown}
Comestibles
 g - 6 rations


   Skills:
 + Level 6.8 Fighting
 + Level 1.8 Short Blades
 + Level 1.8 Long Blades
 + Level 4.9 Axes
 + Level 1.8 Maces & Flails
 + Level 1.8 Polearms
 + Level 1.8 Staves
 + Level 1.8 Slings
 + Level 1.8 Bows
 + Level 4.9 Crossbows
 + Level 3.1 Throwing
 + Level 3.1 Armour
 + Level 1.8 Dodging
 + Level 1.8 Stealth
 + Level 3.1 Shields
 + Level 1.8 Unarmed Combat
 + Level 1.8 Spellcasting
 + Level 1.4 Conjurations
 + Level 1.4 Hexes
 + Level 1.4 Charms
 + Level 1.4 Summonings
 + Level 1.4 Necromancy
 + Level 1.4 Translocations
 + Level 1.4 Transmutations
 + Level 1.4 Fire Magic
 + Level 1.4 Ice Magic
 + Level 1.4 Air Magic
 + Level 1.4 Earth Magic
 + Level 1.4 Poison Magic
 + Level 2.0 Invocations
 + Level 1.8 Evocations


You had 8 spell levels left.
You didn't know any spells.
Your spell library was empty.

Dungeon Overview and Level Annotations

Branches:
Dungeon (5/15)             Temple (1/1) D:4

Altars:
Cheibriados
Dithmenos
Elyvilon
Fedhas
Gozag
Hepliaklqana
Makhleb
Qazlal
Sif Muna
Trog
Uskayaw
Vehumet
Zin
The Shining One


Innate Abilities, Weirdness & Mutations

Your experience applies equally to all skills.
You have very sharp teeth.
Your uncanny sense of smell can sniff out nearby items.


Message History

The gnoll hits you with a +0 whip!
You hit the gnoll.
The gnoll is severely wounded.
The gnoll hits you but does no damage.
You hit the gnoll but do no damage. You bite the gnoll, but do no damage.
The gnoll is severely wounded.
The gnoll hits you with a +0 whip. You block the gnoll's attack.
You hit the gnoll.
The gnoll is severely wounded.
The gnoll misses you. You block the gnoll's attack.
You barely miss the gnoll.
The gnoll is severely wounded.
The gnoll hits you with a +0 whip!
* * * LOW HITPOINT WARNING * * *
The gnoll hits you from afar with a cursed +0 spear!
* * * LOW HITPOINT WARNING * * *
You hit the gnoll. Your bite misses the gnoll.
The gnoll is almost dead.
The gnoll hits you with a +0 whip.
You die...

##....#.###..
#.......#...
#......>..# ∆
. .........#
.. #......#
.#.##....#.###
.........Z.g.#
...........#g#
.........###@#
##....##.# #.#
#.... #.# #.#
##### #.# #.#
#.# #.# ...
..# ..) ### ..


You could see 2 gnolls.

Vanquished Creatures
  An ogre (D:4)
  An orc priest (D:4)
  2 orc wizards (D:4)
  A worker ant (D:4)
  A hound skeleton (D:4)
  An adder (D:3)
  A gnoll (D:5)
  An ooze (D:1)
  A worm (D:3)
  A leopard gecko (D:4)
  6 orcs
  3 ball pythons
  A giant cockroach (D:1)
  2 goblins
  4 hobgoblins
  3 jackals (D:2)
  6 kobolds
  2 bats (D:3)
  A frilled lizard (D:2)
  A leopard gecko zombie (D:5)
  4 rats
44 creatures vanquished.

Notes
Turn   | Place    | Note
-------+----------+-------------------------------------------
     0 | D:1      | FollowTheCloud the Gnoll Wanderer began the quest for the
                  | Orb.
     0 | D:1      | FollowTheCloud set off with the following items: a +2
                  | dagger, 2 curare-tipped darts, a +0 hand crossbow, 26
                  | bolts, a +0 buckler, a +0 robe, a ration
     0 | D:1      | Reached XP level 1. HP: 23/23 MP: 1/1
   144 | D:1      | Reached XP level 2. HP: 25/29 MP: 2/2
   625 | D:2      | Found a glowing silver altar of Zin.
   857 | D:2      | Found a white marble altar of Elyvilon.
   985 | D:2      | Reached XP level 3. HP: 35/35 MP: 3/3
  1427 | D:3      | Found a burning altar of Makhleb.
  1440 | D:3      | Became a worshipper of Makhleb the Destroyer
  1610 | D:3      | Reached skill level 1 in Invocations
  2101 | D:4      | Reached skill level 1 in Short Blades
  2101 | D:4      | Reached skill level 1 in Long Blades
  2101 | D:4      | Reached skill level 1 in Maces & Flails
  2101 | D:4      | Reached skill level 1 in Polearms
  2101 | D:4      | Reached skill level 1 in Staves
  2101 | D:4      | Reached skill level 1 in Slings
  2101 | D:4      | Reached skill level 1 in Bows
  2101 | D:4      | Reached skill level 1 in Dodging
  2101 | D:4      | Reached skill level 1 in Stealth
  2101 | D:4      | Reached skill level 1 in Unarmed Combat
  2101 | D:4      | Reached skill level 1 in Spellcasting
  2101 | D:4      | Reached skill level 1 in Evocations
  2101 | D:4      | Reached XP level 4. HP: 27/41 MP: 5/5
  2321 | D:4      | Noticed an ogre
  2371 | D:4      | Killed an ogre
  2371 | D:4      | Reached skill level 1 in Conjurations
  2371 | D:4      | Reached skill level 1 in Hexes
  2371 | D:4      | Reached skill level 1 in Charms
  2371 | D:4      | Reached skill level 1 in Summonings
  2371 | D:4      | Reached skill level 1 in Necromancy
  2371 | D:4      | Reached skill level 1 in Translocations
  2371 | D:4      | Reached skill level 1 in Transmutations
  2371 | D:4      | Reached skill level 1 in Fire Magic
  2371 | D:4      | Reached skill level 1 in Ice Magic
  2371 | D:4      | Reached skill level 1 in Air Magic
  2371 | D:4      | Reached skill level 1 in Earth Magic
  2371 | D:4      | Reached skill level 1 in Poison Magic
  2371 | D:4      | Reached XP level 5. HP: 47/47 MP: 5/7
  2407 | D:4      | Reached XP level 6. HP: 20/53 MP: 8/8
  3357 | D:4      | Found a staircase to the Ecumenical Temple.
  3363 | Temple   | Entered the Ecumenical Temple
  3393 | D:5      | Entered Level 5 of the Dungeon
  3441 | D:5      | Slain by a gnoll

Levels and vault maps discovered:
D:1:      dpeg_arrival_refuge, layout_basic
D:2:      layout_basic, nicolae_overflow_crystal_walls, elyvilon_altar_1
D:3:      layout_loops_ring, overflow_temple_1_default, first_ration
D:4:      layout_loops_ring, minmay_temple_entry_gardened_gates
D:5:      layout_basic
Temple:   nicolae_temple_x_marks_the_god

Skill      XL: |  1  2  3  4  5  6 |
---------------+-------------------+-----
Invocations    | 1 2 |  2.0
Short Blades   | 1 |  1.8
Long Blades    | 1 |  1.8
Maces & Flails | 1 |  1.8
Polearms       | 1 |  1.8
Staves         | 1 |  1.8
Slings         | 1 |  1.8
Bows           | 1 |  1.8
Dodging        | 1 |  1.8
Stealth        | 1 |  1.8
Unarmed Combat | 1 |  1.8
Spellcasting   | 1 |  1.8
Evocations     | 1 |  1.8
Throwing       | 3 |  3.1
Armour         | 3 |  3.1
Shields        | 3 |  3.1
Conjurations   | 1 |  1.4
Hexes          | 1 |  1.4
Charms         | 1 |  1.4
Summonings     | 1 |  1.4
Necromancy     | 1 |  1.4
Translocations | 1 |  1.4
Transmutations | 1 |  1.4
Fire Magic     | 1 |  1.4
Ice Magic      | 1 |  1.4
Air Magic      | 1 |  1.4
Earth Magic    | 1 |  1.4
Poison Magic   | 1 |  1.4
Fighting       | |  6.8
Axes           | |  4.9
Crossbows      | |  4.9

Action                   |  1- 3 |  4- 6 || total
-------------------------+-------+-------++-------
Melee: Dagger            |   122 |    60 ||   182
       Bite              |    16 |     9 ||    25
       Hand axe          |       |    28 ||    28
 Fire: Hand crossbow     |       |     2 ||     2
Throw: Dart              |       |     5 ||     5
 Stab: Sleeping          |     1 |       ||     1
  Eat: Chunk             |     3 |     3 ||     6
Armor: Robe              |     4 |       ||     4
       Leather armour    |    19 |    12 ||    31
Dodge: Dodged            |    69 |    44 ||   113
Block: Buckler           |    21 |    19 ||    40

Table legend:
 A = Non-vault XP
 B = Vault XP
 C = Vault XP percentage of total XP
 D = Non-vault monster count
 E = Vault monster count
 F = Vault count percentage of total count
                 A         B        C        D         E       F
            +---------+---------+-------+---------+---------+-------
      Total |     396 |       0 |   0.0 |      44 |       0 |   0.0
            +---------+---------+-------+---------+---------+-------
        D:1 |      28 |       0 |   0.0 |      13 |       0 |   0.0
        D:2 |      10 |       0 |   0.0 |       6 |       0 |   0.0
        D:3 |      32 |       0 |   0.0 |      11 |       0 |   0.0
        D:4 |     311 |       0 |   0.0 |      12 |       0 |   0.0
        D:5 |      15 |       0 |   0.0 |       2 |       0 |   0.0
            +---------+---------+-------+---------+---------+-------
